 Dungeon Crawl Stone Soup version 0.31-a0-1338-gb567cfdca4 (webtiles) character file.

Game seed: 11926654595795344164

44 Curundu the Chopper (level 3, 0/33 HPs)
             Began as a Draconian Berserker on Dec 23, 2023.
             Was a Believer of Trog.
             Slain by a gnoll
             ... wielding a +0 spear of freezing
              (4 damage)
             ... on level 2 of the Dungeon.
             The game lasted 00:02:32 (730 turns).

Curundu the Chopper (Draconian Berserker)            Turns: 730, Time: 00:02:33

Health: 0/33       AC:  5    Str: 21    XL:     3   Next: 39%
Magic:  3/3        EV: 12    Int:  7    God:    Trog [**....]
Gold:   52         SH:  3    Dex: 10    Spells: 2/2 levels left

rFire   . . .        a - +0 hand axe
rCold   . . .        h - +0 buckler
rNeg    . . .        (body armour unavailable)
rPois   .            (helmet restricted)
rElec   .            (no cloak)
rCorr   .            (no gloves)
SInv    +            (no boots)
Will    .....        (no amulet)
Stlth   +            b - ring of see invisible
HPRegen 0.25/turn    (no ring)
MPRegen 0.08/turn

%: no passive effects
@: slowed, very slow
A: AC +5, unfitting armour, cold-blooded
a: Renounce Religion, Berserk, Trog's Hand


You were on level 2 of the Dungeon.
You worshipped Trog.
Trog was pleased with you.
You visited 1 branch of the dungeon, and saw 2 of its levels.

You collected 52 gold pieces.

Inventory:

Hand Weapons
 a - a +0 hand axe (weapon)
Missiles
 l - 3 boomerangs
Armour
 h - a +0 buckler (worn)
Jewellery
 b - a ring of see invisible (left hand)
Scrolls
 e - a scroll of identify {unknown}
 f - a scroll of poison {unknown}
 g - a scroll of silence {unknown}
 i - a scroll of enchant weapon {unknown}
Potions
 c - a potion of brilliance {unknown}
 d - a potion of resistance {unknown}
 j - a potion of heal wounds {unknown}
 k - a potion of magic {unknown}
 m - a potion of attraction {unknown}


   Skills:
 + Level 3.7 Fighting
 + Level 3.8 Axes
 + Level 3.0 Dodging


You had 2 spell levels left.
You didn't know any spells.
Your spell library was empty.

Dungeon Overview and Level Annotations

Branches:
Dungeon (2/15)

Altars:


Innate Abilities, Weirdness & Mutations

Your plain brown scales are hard. (AC +5)
You cannot fit into any form of body armour.
You are cold-blooded and may be slowed by cold attacks.


Message History

The gnoll is moderately wounded.
You block the gnoll's attack.
You slash the gnoll!
The gnoll is almost dead.
The gnoll hits you from afar with a +0 spear of freezing.
The gnoll freezes you.
You hit the gnoll.
The gnoll is lightly wounded.
The gnoll barely misses you.
You closely miss the gnoll.
The gnoll is lightly wounded.
The gnoll hits you from afar with a +0 spear of freezing!
The gnoll freezes you. The gnoll hits you but does no damage.
You hit the gnoll but do no damage.
The gnoll is lightly wounded.
The gnoll barely misses you. x2; The gnoll hits you with a +0 whip.
The gnoll hits you from afar with a +0 spear of freezing.
You feel yourself slow down. The gnoll freezes you.
* * * LOW HITPOINT WARNING * * *
You barely miss the gnoll. You tail-slap the gnoll.
The gnoll is moderately wounded.
The gnoll barely misses you. x2
You slash the gnoll!
The gnoll is almost dead.
You feel yourself speed up. You block the gnoll's attack.
The gnoll hits you with a +0 whip.
* * * LOW HITPOINT WARNING * * *
The gnoll barely misses you. x2
You hit the gnoll.
You kill the gnoll!
Trog accepts your kill.
The gnoll hits you from afar with a +0 spear of freezing.
* * * LOW HITPOINT WARNING * * *
You feel yourself slow down. The gnoll freezes you.
* * * LOW HITPOINT WARNING * * *
You slash the gnoll!
You kill the gnoll!
Trog accepts your kill.
The gnoll hits you from afar with a +0 spear of freezing.
You die...

# ... ### ###.
###..#####.# #..
#.....)@...# #..
..#.#g####.# #.# # #.#
#.# #.# ####.# #### #.#
#....##### #.. #.#
#.#.....##.##.#####.###
#...###)##........)...#
#.#.# #.#####.#########


You could see a gnoll.

Vanquished Creatures
  2 gnolls (D:2)
  A worm (D:2)
  An orc (D:2)
  3 ball pythons
  2 endoplasms (D:1)
  3 hobgoblins
  4 jackals (D:1)
  2 quokkas (D:1)
  A bat (D:1)
  A frilled lizard (D:1)
  5 goblins
  2 kobolds
  2 rats
29 creatures vanquished.

Notes
Turn   | Place    | Note
-------+----------+-------------------------------------------
     0 | D:1      | Curundu the Draconian Berserker began the quest for the
                  | Orb.
     0 | D:1      | Reached XP level 1. HP: 19/19 MP: 1/1
   135 | D:1      | Reached XP level 2. HP: 25/26 MP: 2/2
   571 | D:2      | Reached ** piety under Trog
   629 | D:2      | Reached XP level 3. HP: 28/33 MP: 3/3
   730 | D:2      | Slain by a gnoll

Illustrated notes

Levels and vault maps discovered:
D:1:      minmay_arrival_hallway, layout_basic, minmay_misc_feat_five
D:2:      layout_basic, serial_shops, nicolae_shop_crystal,
          nicolae_shop_window_shopping, shop, nicolae_diamond_shop,
          chequers_serial_rivers_micro_e

Skill      XL: |  1  2 |
---------------+-------+-----
Dodging        | 3 |  3.0
Fighting       | |  3.7
Axes           | |  3.8

Action                     || total
---------------------------++-------
  Melee: Hand axe          ||    73
         Tailslap          ||     6
         Punch             ||     2
 Armour: Skin              ||    48
  Dodge: Dodged            ||    64
  Block: Buckler           ||     5

Table legend: (Time is in decaauts)
 A = Elapsed time spent in this place.
 B = Non-inter-level travel time spent in this place.
 C = Inter-level travel time spent in this place.
 D = Time resting spent in this place.
 E = Time spent auto-exploring this place.
 F = Levels seen in this place.
 G = Mean time per level.
                   A        B        C        D        E       F      G
               +--------+--------+--------+--------+--------+-----+--------+
         Total |    748 |    748 |      0 |      0 |    466 |   2 |  374.0 |
       Dungeon |    748 |    748 |      0 |      0 |    466 |   2 |  374.0 |
               +--------+--------+--------+--------+--------+-----+--------+

Top non-repeatable levels by time:
     D:1: 547 daAuts
     D:2: 201 daAuts
